Unix NetHack Version 5.0.0-0 post-release - last build May 10 2026 23:12:36 (d1fa5d53e341ca933230fdaa984d921c805b60aa,branch:main).

Game began 2026-05-14 05:21:06, ended 2026-05-14 08:06:38.

2932467751, chaotic female orcish Barbarian

                                      -------------                     ------
                                      |....(......|     ----------      |....|
          ----------------         ###-..<........?##   |..{.....|    ##-....|
          |..............|        ##  |......{....| ####|........|    # |....|
          |.......>......|        #   --------.----    #.........| #### |....|
          |..............|        #          ##        #------.---###`##+....|
          ------.------.--        #          #      ##########`#  ##    ------
               ##      ####    ####         ##      #        ##    #
                #         ##   #            #       #        #  ####
                #          ##  #            #   #####        #  #
                ######      ## #           ##  ##         ---|- #
                     #       # #       ----.--##          |`..| #
                     #       # #   ####-......#           |....##
                     #       # #   #   |.....|            |...|
                     ######` # #   #   |.....|            |...|
                       ----.-.-#  `#   -------            --|--
                       |..{.>.|@###                         #
                       |.....FF`
                       --------

2932467751 the Pillager    St:18/02 Dx:17 Co:18 In:7 Wi:7 Ch:6  Chaotic
Dlvl:2  $:9  HP:0(30) Pw:6(6) AC:8  Xp:3 T:808 

Latest messages:
 You try to move the boulder, but in vain.
 You try to move the boulder, but in vain.
 You try to move the boulder, but in vain.
 You try to move the boulder, but in vain.
 You try to move the boulder, but in vain.
 You try to move the boulder, but in vain.
 You try to move the boulder, but in vain.
 You try to move the boulder, but in vain.
 You try to move the boulder, but in vain.
 You try to move the boulder, but in vain.
 You try to move the boulder, but in vain.
 You try to move the boulder, but in vain.
 You try to move the boulder, but in vain.
 You try to move the boulder, but in vain.
 You try to move the boulder, but in vain.
 You try to move the boulder, but in vain.
 Restoring save file...
 Hello 2932467751, the orcish Barbarian, welcome back to NetHack!
 Your leg feels better.
 You hear someone counting gold coins.
 You can't jump very far.
 You can't jump very far.
 You can't jump very far.
 You can't jump very far.
 You can't jump very far.
 You can't jump very far.
 You can't jump very far.
 You can't jump very far.
 You can't jump very far.
 You can't jump very far.
 You can't jump very far.
 You can't jump very far.
 You begin bashing monsters with your carrots.
 You smite the brown mold.
 You are suddenly very cold!
 You smite the brown mold.
 You smite the brown mold.
 You are suddenly very cold!
 You smite the brown mold.
 You are suddenly very cold!
 The brown mold multiplies from your heat!
 You miss the brown mold.
 You smite the brown mold.
 You are suddenly very cold!
 You die...
 Do you want your possessions identified? [ynq] (y) y
 Do you want to see your attributes? [ynq] (y) y
 Do you want an account of creatures vanquished? [ynaq] (y) y
 Do you want to see your conduct and achievements? [ynq] (y) y
 Do you want to see the dungeon overview? [ynq] (y) y

Inventory:
 Coins    ('$')
  $ - 9 gold pieces
 Weapons  (')')
  j - 7 +0 crossbow bolts
  m - 5 +0 darts
  f - 13 cursed +0 darts
  n - a blessed +0 dagger
  b - a +0 axe (alternate weapon; not wielded)
  a - a +0 two-handed sword
 Armor    ('[')
  k - a cursed +0 pair of iron shoes
  l - an uncursed +0 dwarvish cloak
  c - a blessed +0 orcish ring mail (being worn)
 Comestibles  ('%')
  e - 2 uncursed carrots (wielded)
  d - 3 uncursed food rations
 Potions  ('!')
  h - an uncursed potion of extra healing
 Tools    ('(')
  i - an uncursed magic whistle
  o - an uncursed tin whistle
 Gems/Stones  ('*')
  p - an uncursed worthless piece of violet glass

2932467751 the Barbarian's attributes:

Background:
 You were a Pillager, a level 3 female orcish Barbarian.
 You were chaotic, on a mission for Set
 who was opposed by Mitra (lawful) and Crom (neutral).
 You were right-handed.
 You were in the Dungeons of Doom, on level 2.
 You entered the dungeon 808 turns ago.
 You had 61 experience points, 19 more were needed to attain level 4.

Basics:
 You had 0 out of 30 hit points.
 You had all 6 energy points (spell power).
 Your armor class was 8.
 Your wallet contained 9 zorkmids.
 Autopickup was off.

Final Characteristics:
 Your strength was 18/02 (limit:18/50).
 Your dexterity was 17 (limit:18).
 Your constitution was 18 (limit:18).
 Your intelligence was 7 (limit:16).
 Your wisdom was 7 (limit:16).
 Your charisma was 6 (limit:16).

Final Status:
 You weren't hungry.
 You were unencumbered.
 You were wielding some food.

Final Attributes:
 You were fervently aligned.
 You were poison resistant.
 You had infravision.
 You were warded.
 You are dead.

Miscellaneous:
 You didn't encounter any bones levels.
 Total elapsed playing time was 40 minutes and 32 seconds.

Major events:
 Turn
    1: 2932467751 the chaotic female orcish Barbarian entered the dungeon
  253: entered the Gnomish Mines
  299: attained the rank of Pillager (level 3)
  808: killed by a brown mold

You didn't know any spells.

Skills:
 Fighting Skills
   bare handed combat [Basic]
   two weapon combat  [Unskilled]
   riding             [Unskilled]
 Weapon Skills
   dagger             [Unskilled]
   axe                [Basic]
   pick-axe           [Unskilled]
   short sword        [Unskilled]
   broadsword         [Unskilled]
   long sword         [Unskilled]
   two-handed sword   [Basic]
   saber              [Unskilled]
   club               [Unskilled]
   mace               [Unskilled]
   morning star       [Unskilled]
   flail              [Unskilled]
   hammer             [Unskilled]
   quarterstaff       [Unskilled]
   spear              [Unskilled]
   trident            [Unskilled]
   bow                [Unskilled]
 Spellcasting Skills
   attack spells      [Unskilled]
   escape spells      [Unskilled]

Voluntary challenges:
 Character rerolling was not enabled.
 You followed a strict vegan diet.
 You were an atheist.
 You were illiterate.
 You never genocided any monsters.
 You never polymorphed an object.
 You never changed form.
 You used no wishes.
Achievements:
 You entered the Gnomish Mines.
 You attained the rank of Pillager.

 The Dungeons of Doom: levels 1 to 2
    Level 1:
       A fountain.
    Level 2: <- You were here.
       Many fountains.
       Stairs down to The Gnomish Mines.
       Final resting place for
          you, killed by a brown mold.
 The Gnomish Mines:
    Level 3:


Vanquished creatures:
  a gnome leader
  a dwarf
  6 gnomes
  5 jackals
  a kobold
  a lichen
  a newt
16 creatures vanquished.

No species were genocided or became extinct.

Game over:
                       ----------
                      /          \
                     /    REST    \
                    /      IN      \
                   /     PEACE      \
                  /                  \
                  |    2932467751    |
                  |       9 Au       |
                  |   killed by a    |
                  |    brown mold    |
                  |                  |
                  |                  |
                  |       2026       |
                 *|     *  *  *      | *
        _________)/\\_//(\/(/\)/\//\/|_)_______

Goodbye 2932467751 the Barbarian...

You died in The Dungeons of Doom on dungeon level 2 with 353 points,
and 9 pieces of gold, after 808 moves.
You were level 3 with a maximum of 30 hit points when you died.

